 Dungeon Crawl Stone Soup version 0.26-a0-40-gfe7b5d5a6f (webtiles) character file.

Game seed: 12775155170947634952, levelgen mode: deterministic

84 Froggeryz the Chopper (level 4, 0/39 HPs)
             Began as a Hill Orc Chaos Knight on June 1, 2020.
             Was a Plaything of Xom.
             Slain by a kobold (2 damage)
             ... on level 3 of the Dungeon.
             The game lasted 00:03:26 (2123 turns).

Froggeryz the Chopper (Hill Orc Chaos Knight)       Turns: 2123, Time: 00:03:27

Health: 0/39       AC:  4    Str: 15    XL:     4   Next: 46%
Magic:  4/4        EV: 11    Int: 18    God:    Xom [.*....]
Gold:   127        SH:  0    Dex: 10    Spells: 3/3 levels left

rFire    . . .     SeeInvis .   a - +0 hand axe (chaos)
rCold    . . .     Gourm    .   (no shield)
rNeg     . . .     Faith    .   b - +2 leather armour
rPois    .         Spirit   .   e - +0 helmet
rElec    .         Reflect  .   (no cloak)
rCorr    .         Harm     .   (no gloves)
MR       .....                  (no boots)
Stlth    +.........             (no amulet)
HPRegen  0.13/turn              l - +6 ring of intelligence
MPRegen  0.09/turn              (no ring)

@: lethally poisoned (0 -> -12)
A: deformed body, deterioration 1
a: Renounce Religion


You were on level 3 of the Dungeon.
You worshipped Xom.
You were a plaything of Xom.
You were hungry.

You visited 1 branch of the dungeon, and saw 3 of its levels.

You collected 127 gold pieces.

Inventory:

Hand Weapons
 a - a +0 hand axe of chaos (weapon)
 i - a +2 short sword of venom
Missiles
 q - 9 poisoned darts (quivered)
Armour
 b - a +2 leather armour (worn)
 e - a +0 helmet (worn)
Jewellery
 l - a +6 ring of intelligence (left hand)
Scrolls
 d - 8 scrolls of remove curse {unknown}
 f - a scroll of enchant armour {unknown}
 g - a scroll of blinking {unknown}
 h - a scroll of teleportation {unknown}
 m - a scroll of magic mapping {unknown}
 n - 3 scrolls of identify {unknown}
 p - a scroll of immolation {unknown}
Comestibles
 c - 6 rations


   Skills:
 - Level 3.6 Fighting
 * Level 6.8 Axes
 - Level 2.1 Armour
 - Level 0.7 Dodging


You had 3 spell levels left.
You didn't know any spells.
Your spell library was empty.

Dungeon Overview and Level Annotations

Branches:
Dungeon (3/15)

Altars:
Okawaru


Innate Abilities, Weirdness & Mutations

Armour fits poorly on your strangely shaped body.
Your body sometimes deteriorates upon taking damage.


Message History

You kill the leopard gecko!
You feel sick.
A kobold comes into view.
The kobold throws a poisoned dart.
The poisoned dart barely misses you.
The kobold shouts!
The kobold throws a poisoned dart.
The poisoned dart hits you!
You are lethally poisoned!
You see here a poisoned dart.
* * * LOW HITPOINT WARNING * * *
You feel sick. The kobold barely misses you. The kobold hits you.
* * * LOW HITPOINT WARNING * * *
You slash the kobold!
You kill the kobold!
You hit the kobold. You burn the kobold.
* * * LOW HITPOINT WARNING * * *
You feel sick.
A frilled lizard comes into view.
The kobold hits you.
You die... "Huh?
Did I miss anything?"

...............####.#
.l.....?.....#.......#
..............#.......#
<..................>.
.............)...#.##.#
............()......?..
..............(.......
......K(..............
...#..@......>.......
##(##.............
#.(#.............
#######.............
#...≈)≈.............
#.8.≈≈≈.......#.....
#8_8..........###..
#.8.≈≈≈......##
#...≈)≈......#


You could see a kobold and a frilled lizard (wandering).

Vanquished Creatures
  An iguana (D:2)
  2 worms (D:2)
  2 leopard geckos
  2 giant cockroaches
  7 goblins
  5 hobgoblins
  3 jackals (D:2)
  6 kobolds
  A ball python (D:2)
  9 bats
  2 frilled lizards (D:2)
  5 rats (D:1)
45 creatures vanquished.

Vanquished Creatures (collateral kills)
  A hobgoblin (D:2)
1 creature vanquished.

Grand Total: 46 creatures vanquished

Notes
Turn   | Place    | Note
-------+----------+-------------------------------------------
     0 | D:1      | Froggeryz the Hill Orc Chaos Knight began the quest for the
                  | Orb.
     0 | D:1      | Reached XP level 1. HP: 19/19 MP: 1/1
   221 | D:1      | Reached XP level 2. HP: 26/26 MP: 2/2
   469 | D:1      | XOM: 2-stop teleportation journey
   499 | D:1      | Reached skill level 5 in Axes
   791 | D:1      | XOM: silly message
   873 | D:2      | XOM: cloud trail
   900 | D:2      | XOM: cast spell 'Summon Ice Beast'
   930 | D:2      | Reached skill level 6 in Axes
   930 | D:2      | Reached XP level 3. HP: 20/31 MP: 3/3
  1146 | D:2      | Reached XP level 4. HP: 39/39 MP: 4/4
  1586 | D:2      | XOM: summons 3 hostile demons
  1914 | D:2      | XOM: silly message
  1939 | D:2      | XOM: give mutations
  1939 | D:2      | Gained mutation: Armour fits poorly on your strangely
                  | shaped body. [Xom's mischief]
  1939 | D:2      | Gained mutation: Your body sometimes deteriorates upon
                  | taking damage. [Xom's mischief]
  2046 | D:3      | Found an iron altar of Okawaru.
  2123 | D:3      | Slain by a kobold

Illustrated notes

Levels and vault maps discovered:
D:1:      tarquinn_simple_flora_water_d, layout_basic
D:2:      layout_basic, due_unseen_surprise
D:3:      layout_rooms, nicolae_overflow_crystal_walls,
          kennysheep_okawaru_gauntlet

Skill      XL: |  1  2 |
---------------+-------+-----
Axes           | 6 |  6.8
Fighting       | |  3.6
Armour         | |  2.1
Dodging        | |  0.7

Action                   |  1- 3 |  4- 6 || total
-------------------------+-------+-------++-------
Melee: Hand axe          |    79 |    73 ||   152
Throw: Dart              |       |     7 ||     7
  Use: Potion            |       |     3 ||     3
 Stab: Paralysed         |     4 |       ||     4
       Confused          |       |     1 ||     1
       Petrifying        |       |     1 ||     1
       Petrified         |       |     1 ||     1
  Eat: Chunk             |     1 |     2 ||     3
Armor: Leather armour    |    33 |    26 ||    59
Dodge: Dodged            |    64 |    52 ||   116

Table legend:
 A = Non-vault XP
 B = Vault XP
 C = Vault XP percentage of total XP
 D = Non-vault monster count
 E = Vault monster count
 F = Vault count percentage of total count
                 A         B        C        D         E       F
            +---------+---------+-------+---------+---------+-------
      Total |     117 |       4 |   3.3 |      44 |       2 |   4.3
            +---------+---------+-------+---------+---------+-------
        D:1 |      23 |       0 |   0.0 |      15 |       0 |   0.0
        D:2 |      85 |       0 |   0.0 |      24 |       0 |   0.0
        D:3 |       9 |       4 |  30.8 |       5 |       2 |  28.6
            +---------+---------+-------+---------+---------+-------
